 Seeded DCSS version 0.30-a0-528-g8c47a4955b (webtiles) character file.

Game seed: 7827810942158885341 (custom seed)

30 lotusamurai3 the Conjurer (level 3, 22/22 HPs)
             Began as a Tengu Reaver on Dec 24, 2022.
             Quit the game on level 1 of the Dungeon.
             The game lasted 00:01:29 (612 turns).

lotusamurai3 the Conjurer (Tengu Reaver)             Turns: 612, Time: 00:01:30

Health: 22/22      AC:  5    Str: 12    XL:     3   Next: 18%
Magic:  7/7        EV: 12    Int: 13    God:
Gold:   1226       SH:  0    Dex: 14    Spells: 5/6 levels left

rFire   . . .      SeeInvis .    a - +0 falchion
rCold   . . .      Faith    .    (no shield)
rNeg    . . .      Spirit   .    b - +0 leather armour
rPois   .          Reflect  .    (helmet restricted)
rElec   .          Harm     .    i - +1 cloak
rCorr   .          Rampage  .    (no gloves)
Will    .....                    (boots unavailable)
Stlth   +                        (no amulet)
HPRegen 0.23/turn                (no ring)
MPRegen 0.10/turn                (no ring)

@: no status effects
A: beak, talons 3
a: no special abilities


You were on level 1 of the Dungeon.
You visited 1 branch of the dungeon, and saw 1 of its levels.

You collected 1226 gold pieces.

Inventory:

Hand Weapons
 a - a +0 falchion (weapon)
Missiles
 d - a throwing net
Armour
 b - a +0 leather armour (worn)
 i - a +1 cloak (worn)
Scrolls
 g - 2 scrolls of immolation {unknown}
 h - a scroll of fear {unknown}
Potions
 c - a potion of might {unknown}
 e - a potion of curing {unknown}
 f - a potion of mutation {unknown}
 j - a potion of heal wounds {unknown}
 k - a potion of brilliance {unknown}


   Skills:
 + Level 2.4 Fighting
 + Level 3.6 Long Blades
 + Level 2.7 Dodging
 - Level 2.0 Spellcasting
 + Level 4.5 Conjurations


You had 5 spell levels left.
You knew the following spells:

 Your Spells              Type           Power      Damage    Failure   Level
a - Kiss of Death         Conj/Necr      28%        2d7       13%         1

Your spell library contained the following spells:

 Spells                   Type           Power      Damage    Failure   Level
 Momentum Strike          Conj/Tloc      14%        3d8       19%         2
 Hailstorm                Conj/Ice       7%         3d4       36%         3


Dungeon Overview and Level Annotations

Branches:
Dungeon (1/15)

Altars:


Innate Abilities, Weirdness & Mutations

You have a beak for a mouth.
You have claws for feet.


Message History

You hit the kobold.
You kill the kobold!
No target in view!
No target in view!
A bat comes into view.
A bat is nearby!
A bat is nearby!
A bat is nearby!
A ball python comes into view.
The bat hits you but does no damage.
You see here a scroll labelled ADESKUS IKHLY.
You slash the bat!
You kill the bat!
Found a fizzy brown potion.
A rat comes into view.
The ball python closely misses you. The ball python grabs you.
The ball python constricts you.
You hit the ball python.
You kill the ball python!
Found a bubbling yellow potion.
You closely miss the rat. Your kick misses the rat.
The rat bites you but does no damage.
You barely miss the rat. Your kick misses the rat. Your peck misses the rat.
The rat bites you but does no damage.
You barely miss the rat. You claw the rat.
You kill the rat!
No target in view!
j - a fizzy brown potion
k - a bubbling yellow potion You see here a rat corpse.
g - 2 scrolls labelled ADESKUS IKHLY (gained 1)
You now have 1210 gold pieces (gained 4).
You now have 1216 gold pieces (gained 6).
You now have 1226 gold pieces (gained 10).
Done exploring.
Done exploring.
Done exploring.
Done exploring.
Done exploring.
Are you sure you want to abandon this character and quit the game? (Confirm with "yes".)

..##....##.######.#########.##...
.....####..# #.# ###.###.. ...###
##.## ##.## #.....#.. ...# #..#
#...# #.....#.. ..## ##.## #...#
#.....#.. .## #..# #...#
#.....#.. ## ###.## #...#
#........ # #...########...#
#.....##. #####.##........@..#
#.....### #........#######...#
#.....# # ..#..##### #...#
######### ####..#### #...# #.
##....# #...# #. ####.# ##### #.
#.# #. #.# ###. #.########
#######...


There were no monsters in sight!

Vanquished Creatures
  2 endoplasms (D:1)
  A giant cockroach (D:1)
  5 goblins (D:1)
  3 hobgoblins (D:1)
  2 quokkas (D:1)
  5 ball pythons (D:1)
  A bat (D:1)
  3 frilled lizards (D:1)
  4 kobolds (D:1)
  2 rats (D:1)
28 creatures vanquished.

Notes
Turn   | Place    | Note
-------+----------+-------------------------------------------
     0 | D:1      | lotusamurai3 the Tengu Reaver began the quest for the Orb.
     0 | D:1      | Reached XP level 1. HP: 12/12 MP: 4/4
    61 | D:1      | Identified a scroll of acquirement
    61 | D:1      | Acquired 1150 gold pieces
   163 | D:1      | Reached XP level 2. HP: 17/17 MP: 6/6
   409 | D:1      | Reached XP level 3. HP: 22/22 MP: 7/7
   612 | D:1      | Quit the game

Illustrated notes

Levels and vault maps discovered:
D:1:      lordsloth_arrival_two_stooges, layout_rooms

Action                   || total
-------------------------++-------
Melee: Falchion          ||    59
       Kick              ||    12
       Peck              ||     5
       Punch             ||     1
  Use: Scroll            ||     1
Armor: Leather armour    ||    21
Dodge: Dodged            ||    44

Table legend: (Time is in decaauts)
 A = Elapsed time spent in this place.
 B = Non-inter-level travel time spent in this place.
 C = Inter-level travel time spent in this place.
 D = Time resting spent in this place.
 E = Time spent auto-exploring this place.
 F = Levels seen in this place.
 G = Mean time per level.
                   A        B        C        D        E       F      G
               +--------+--------+--------+--------+--------+-----+--------+
         Total |    619 |    619 |      0 |      0 |    462 |   1 |  619.0 |
       Dungeon |    619 |    619 |      0 |      0 |    462 |   1 |  619.0 |
               +--------+--------+--------+--------+--------+-----+--------+

Top non-repeatable levels by time:
     D:1: 619 daAuts
